 Dungeon Crawl Stone Soup version 0.30-a0-354-g6b83867211 (webtiles) character file.

Game seed: 1168302131459315261

117 koil the Sneak (level 4, -6/22 HPs)
             Began as a Spriggan Enchanter on Nov 8, 2022.
             Mangled by Pikel
             ... wielding a +2 whip of electrocution
              (11 damage)
             ... on level 4 of the Dungeon.
             The game lasted 00:06:47 (2705 turns).

koil the Sneak (Spriggan Enchanter)                 Turns: 2705, Time: 00:06:47

Health: -6/22      AC:  2    Str:  4    XL:     4   Next: 71%
Magic:  8/10       EV: 19    Int: 18    God:
Gold:   118        SH:  0    Dex: 21    Spells: 2/10 levels left

rFire   . . .      SeeInvis +    a - +1 dagger
rCold   . . .      Faith    .    (no shield)
rNeg    . . .      Spirit   .    w - +0 robe
rPois   .          Reflect  .    (helmet restricted)
rElec   .          Harm     .    (no cloak)
rCorr   .          Rampage  .    (gloves unavailable)
Will    .....                    (boots unavailable)
Stlth   +++.......               (no amulet)
HPRegen 0.23/turn                e - +6 ring of dexterity
MPRegen 0.12/turn                (no ring)

@: very quick
A: very small, no large weapons, unfitting armour, see invisible, speed 3
a: no special abilities


You were on level 4 of the Dungeon.
You visited 1 branch of the dungeon, and saw 4 of its levels.

You collected 144 gold pieces.
You spent 26 gold pieces at shops.

Inventory:

Hand Weapons
 a - a +1 dagger (weapon)
 n - a +4 falchion
Missiles
 l - 6 poisoned darts (quivered)
Armour
 b - a +0 robe
 g - a +0 robe
 o - the +5 ring mail "Haik" {rPois Str-5 Dex+5}
   (You found it on level 2 of the Dungeon)

   Str:       It affects your strength (-5).
   Dex:       It affects your dexterity (+5).
   rPois:     It protects you from poison.
 w - a +0 robe (worn)
Magical Staves
 p - a staff of fire
Jewellery
 e - a +6 ring of dexterity (left hand)
 u - the amulet of Poukyne {Faith rElec Dex+2}
   (You found it on level 3 of the Dungeon)

   [amulet of faith]

   It allows you to gain divine favour quickly.
   Dex:       It affects your dexterity (+2).
   rElec:     It insulates you from electricity.
 x - an amulet of faith
Scrolls
 f - a scroll of fear {unknown}
 j - a scroll of fog {unknown}
 q - a scroll of blinking {unknown}
 r - 4 scrolls of enchant armour {unknown}
 t - 4 scrolls of teleportation {unknown}
Potions
 c - 2 potions of invisibility
 d - a potion of magic {unknown}
 h - 3 potions of curing {unknown}
 i - 2 potions of cancellation {unknown}
 k - 2 potions of haste {unknown}
 m - a potion of might {unknown}
 s - a potion of mutation {unknown}
 v - a potion of ambrosia {unknown}


   Skills:
 + Level 1.0 Fighting
 + Level 2.0 Short Blades
 + Level 3.6 Dodging
 + Level 5.2 Stealth
 + Level 3.5 Spellcasting
 + Level 0.4 Conjurations
 + Level 4.2 Hexes


You had 2 spell levels left.
You knew the following spells:

 Your Spells              Type           Power      Damage    Failure   Level
a - Ensorcelled Hibernat  Hex/Ice        20%        N/A       10%         2
b - Confusing Touch       Hex            18%        N/A       8%          3
c - Dazzling Flash        Conj/Hex       22%        N/A       17%         3

Your spell library contained the following spells:

 Spells                   Type           Power      Damage    Failure   Level
 Tukima's Dance           Hex            18%        N/A       8%          3


Dungeon Overview and Level Annotations

Branches:
Dungeon (4/15)
 Temple: D:4-7

Altars:

Shops:
D:2 *

Annotations:
D:4 Pikel


Innate Abilities, Weirdness & Mutations

You are very small and have problems with some larger weapons.
You are too small for most types of armour.
You have supernaturally acute eyesight. (SInv)
You cover ground extremely quickly. (Speed+++)


Message History

There is a stone staircase leading down here.
You climb downwards.
Found a scroll labelled PUR XA ZUSK and a red potion.
Found a stone staircase leading down.
There is a stone staircase leading up here.
k - 2 red potions (gained 1)
Found a trident.
You now have 108 gold pieces (gained 10).
There is a stone staircase leading down here.
t - 3 scrolls labelled PUR XA ZUSK (gained 1)
t - 4 scrolls labelled PUR XA ZUSK (gained 1)
You now have 118 gold pieces (gained 10).
A lemure comes into view.
Pikel, Merchant of Souls comes into view.
He is wielding a +2 whip of electrocution.
A lemure comes into view.
What are your orders? t - Shout!
Orders for allies: a - Attack new target. r - Retreat! s - Stop attacking. g - Guard the area. f - Follow me.
Anything else - Cancel.
You shout for attention!
The lemure shouts!
Pikel shouts!
Casting: Confusing Touch (quite dangerous; 8% risk of failure)
Confirm with . or Enter, or press ? or * to list all spells.
Aiming: Ensorcelled Hibernation (safe; 10% risk of failure)
Press: ? - help, Shift-Dir - straight line, f - Pikel
Aim: Pikel, wielding a +2 whip of electrocution and wearing a +0 robe (chance to affect: 44%) Pikel looks drowsy...
The lemure misses you.
The helpless Pikel fails to defend himself.
You impale Pikel!!
Pikel is severely wounded.
The lemure completely misses you.
Pikel hits you with a +2 whip of electrocution!
Unknown command.
The lemure closely misses you.
Pikel hits you with a +2 whip of electrocution!
* * * LOW HITPOINT WARNING * * *
You are electrocuted!
Ouch! That really hurt!
You die...

#.# ##.# ##..####
###......###
##..........###
#.............###
#...........5...#
#..........K5...#
#...........@...##
#................#
#................#
....######.....#####
#..# ##......### ##.
###.....<# ##.....#
#########....#
##^......>.#..#


You could see Pikel and 2 lemures.

Vanquished Creatures
  3 adders
  A white imp (D:3)
  A worm (D:2)
  2 dart slugs
  2 orcs (D:3)
  13 ball pythons
  4 endoplasms
  3 giant cockroaches
  6 hobgoblins
  4 jackals (D:3)
  6 kobolds
  5 quokkas
  6 bats
  4 frilled lizards
  6 goblins
  4 rats
70 creatures vanquished.

Notes
Turn   | Place    | Note
-------+----------+-------------------------------------------
     0 | D:1      | koil the Spriggan Enchanter began the quest for the Orb.
     0 | D:1      | Reached XP level 1. HP: 9/9 MP: 5/5
   141 | D:1      | Reached XP level 2. HP: 11/13 MP: 6/6
   161 | D:1      | Learned a level 2 spell: Ensorcelled Hibernation
   568 | D:1      | Reached XP level 3. HP: 11/17 MP: 8/8
  1026 | D:2      | Found Igytoinn's General Store.
  1033 | D:2      | Bought a potion of degeneration for 13 gold pieces
  1033 | D:2      | Bought a scroll of noise for 13 gold pieces
  1117 | D:2      | Reached skill level 5 in Stealth
  1234 | D:2      | Identified the +5 ring mail "Haik" {rPois Str-5 Dex+5}
  1237 | D:2      | Found a faded altar of an unknown god.
  1479 | D:3      | Reached XP level 4. HP: 20/21 MP: 10/10
  1573 | D:3      | Identified the amulet of Poukyne {Faith rElec Dex+2}
  2158 | D:3      | Reached skill level 1 in Fighting
  2467 | D:2      | Learned a level 3 spell: Confusing Touch
  2471 | D:2      | Learned a level 3 spell: Dazzling Flash
  2673 | D:4      | Noticed a lemure
  2676 | D:4      | Noticed Pikel
  2677 | D:4      | Noticed a lemure
  2705 | D:4      | Mangled by Pikel

Illustrated notes

Levels and vault maps discovered:
D:1:      shiori_arrival_elements, layout_basic, serial_bayou_crossing
D:2:      minmay_wonky_spiral, layout_basic, serial_shops, nicolae_square_shop,
          ebering_ecumenical_altar_rust
D:3:      layout_basic, minmay_pentomino_pile
D:4:      layout_cave_pods, nicolae_elyvilon_peaceful_grove, serial_glass,
          glass_columns_a, glass_columns_c, serial_shops,
          nicolae_shop_temple_entry_statues_fountains, uniq_pikel

Skill      XL: |  1  2  3  4 |
---------------+-------------+-----
Dodging        | 3 |  3.6
Spellcasting   | 3 |  3.5
Hexes          | 4 |  4.2
Stealth        | 5 |  5.2
Short Blades   | 2 |  2.0
Fighting       | 1 |  1.0
Conjurations   | |  0.4

Action                   |  1- 3 |  4- 6 || total
-------------------------+-------+-------++-------
Melee: Dagger            |   120 |    51 ||   171
       Punch             |     1 |     1 ||     2
 Cast: Ensorcelled Hiber |     1 |     6 ||     7
       Confusing Touch   |       |     1 ||     1
 Stab: Sleeping          |    20 |     9 ||    29
       Confused          |       |     1 ||     1
Armor: Robe              |    14 |       ||    14
Dodge: Dodged            |    91 |    36 ||   127

Table legend: (Time is in decaauts)
 A = Elapsed time spent in this place.
 B = Non-inter-level travel time spent in this place.
 C = Inter-level travel time spent in this place.
 D = Time resting spent in this place.
 E = Time spent auto-exploring this place.
 F = Levels seen in this place.
 G = Mean time per level.
                   A        B        C        D        E       F      G
               +--------+--------+--------+--------+--------+-----+--------+
         Total |   1858 |   1784 |     74 |     43 |   1262 |   4 |  464.5 |
       Dungeon |   1858 |   1784 |     74 |     43 |   1262 |   4 |  464.5 |
               +--------+--------+--------+--------+--------+-----+--------+

Top non-repeatable levels by time:
     D:3: 784 daAuts
     D:1: 653 daAuts
     D:2: 371 daAuts
     D:4: 48 daAuts
